Map: Dusk Towers

Players

Kelazhur - Winner!

  • Race: Terran Terran
  • League: Master

RuFF

  • Race: Terran Terran
  • League: Master

VOD

Have the link to the VOD?

Description

Time

  • Played on: May 21, 2016, 10:42 p.m.
  • Length: 5:38
Show
View Real Time Build Order
Export as new Build Order

Kelazhur Terran - Winner!

Build Orders:  

Get SALT Encoding   

  12  0:09  Supply Depot  
  12  0:13  SCV  
  13  0:33  Barracks  
  13  0:37  Refinery  
  13  0:53  Barracks  
  13  0:58  SCV  
  14  1:10  SCV  
  15  1:18  Refinery  
  15  1:21  Reaper  
  16  1:37  Orbital Command  
  16  1:42  Reaper  
  17  1:53  Reaper  
  18  2:10  Bunker  
  17  2:17  Reaper  
  17  2:33  Reaper  
  17  2:34  SCV  
  19  2:47  SCV  
  19  2:49  Reaper  
  20  3:01  SCV  
  20  3:05  Reaper  
  20  3:17  Factory  
  19  3:21  Reaper  
  19  3:23  SCV  
  21  3:31  Supply Depot  
  21  3:35  SCV  
  22  3:42  Reaper  
  23  3:53  Reaper, SCV  
  25  4:01  Factory Tech Lab  
  25  4:03  Starport  
  25  4:05  SCV  
  26  4:17  SCV  
  26  4:19  Supply Depot  
  26  4:20  Cyclone  
  30  4:29  SCV  
  31  4:41  Viking, SCV  
  33  4:54  SCV  
  25  5:15  SCV  
Show
View Real Time Build Order
Export as new Build Order

RuFF Terran 

Build Orders:  

Get SALT Encoding   

  12  0:01  SCV  
  13  0:13  SCV  
  14  0:17  Supply Depot  
  14  0:25  SCV  
  15  0:30  Refinery  
  15  0:39  SCV  
  16  0:45  Barracks  
  16  0:51  SCV  
  17  1:03  SCV  
  18  1:15  SCV  
  19  1:31  Marine  
  19  1:32  Orbital Command  
  20  1:35  Factory  
  20  1:44  Supply Depot  
  20  1:52  Reaper  
  21  1:58  SCV  
  20  2:11  SCV  
  20  2:23  Hellion  
  20  2:24  Reaper  
  13  2:45  Hellion  
  11  3:07  Hellion  
  11  3:10  Marine  
  13  3:17  Starport  
  11  3:23  SCV  
  12  3:31  Hellion  
  12  3:32  Marine  
  15  3:35  SCV  
  16  3:48  SCV  
  17  3:53  Medivac  
  19  4:00  SCV  
  20  4:07  Hellion  
  22  4:13  SCV  
  23  4:25  SCV  
  23  4:29  Hellion  
  26  4:36  Marine  
  27  4:38  Medivac  
Tags
 
Add a new tag
Caveats
  • Supply blocks, unpowered buildings, or Contaminate may cause inaccurate times.
  • Supply counts are checked every 10 seconds.